 Dungeon Crawl Stone Soup version 0.20.1-1-g8b1a95d (webtiles) character file.

408 letownia2 the Grave Robber (level 6, -8/49 HPs)
             Began as a Deep Dwarf Necromancer on Dec 16, 2017.
             Mangled by an ogre
             ... wielding a +0 giant club
              (15 damage)
             ... on level 5 of the Dungeon.
             The game lasted 00:08:01 (2093 turns).

letownia2 the Grave Robber (Deep Dwarf Necromancer) Turns: 2093, Time: 00:08:02

Health: -8/49      AC: 12    Str: 12    XL:     6   Next: 57%
Magic:  0/11       EV: 11    Int: 17    God:
Gold:   120        SH:  0    Dex: 13    Spells: 8/12 levels left

rFire    . . .     SeeInvis .   a - +0 flail (protect)
rCold    . . .     Gourm    .   (no shield)
rNeg     . . .     Faith    .   u - +0 ring mail
rPois    .         Spirit   .   (no helmet)
rElec    .         Reflect  .   (no cloak)
rCorr    .         Harm     .   (no gloves)
MR       .....                  (no boots)
Stlth    +.........             (no amulet)
Regen    0.0/turn               (no ring)
MPRegen  0.2/turn               (no ring)

@: protection aura, non-regenerating
A: damage resistance, heal wounds, sense surroundings 1, no regeneration
a: Heal Wounds


You were on level 5 of the Dungeon.
You were not hungry.

You visited 1 branch of the dungeon, and saw 5 of its levels.

You collected 120 gold pieces.

Inventory:

Hand Weapons
 a - a +0 flail of protection (weapon)
 b - a +0 war axe
 n - a +0 hand crossbow of velocity
 t - a +2 flail of protection
Missiles
 k - 8 tomahawks (quivered)
 l - 16 bolts
Armour
 u - a +0 ring mail (worn)
 w - the +2 chain mail "Xiwkefem" {rCorr Dex+8}
   (You found it on level 5 of the Dungeon)

   It affects your dexterity (+8).
   It protects you from acid and corrosion.
Wands
 s - a wand of polymorph (12/24)
Scrolls
 d - 2 scrolls of enchant weapon {unknown}
 g - 2 scrolls of identify {unknown}
 j - 2 scrolls of fog {unknown}
 m - a scroll of amnesia {unknown}
 o - a scroll of random uselessness {unknown}
 p - a scroll of blinking {unknown}
 v - a scroll of recharging {unknown}
Potions
 e - 2 potions of haste {unknown}
 f - a potion of lignification {unknown}
 h - a potion of ambrosia {unknown}
Books
 i - a book of Necromancy

   Spells                             Type                      Level
   a - Pain                           Necromancy                   1
   b - Animate Skeleton               Necromancy                   1
   c - Vampiric Draining              Necromancy                   3
   d - Regeneration                   Charms/Necromancy            3
   e - Animate Dead                   Necromancy                   4
   f - Control Undead                 Necromancy                   4
Comestibles
 c - 2 bread rations
 q - a fruit
 r - 7 chunks of flesh


   Skills:
 + Level 1.0 Armour
 - Level 2.1 Dodging
 - Level 2.4 Stealth
 - Level 3.8 Spellcasting
 + Level 7.3 Necromancy


You had 8 spell levels left.
You knew the following spells:

 Your Spells              Type           Power        Failure   Level  Hunger
a - Pain                  Necr           ####         1%          1    None
v - Vampiric Draining     Necr           ####......   5%          3    ###....


Dungeon Overview and Level Annotations

Branches:
Dungeon (5/15)
 Temple: D:4-7

Altars:

Annotations:
D:3 baljet's ghost, amateur MfIE


Innate Abilities, Weirdness & Mutations

You are resistant to damage.
You can heal yourself by infusing magical energy.
You passively map a small area around you.
You do not regenerate.


Message History

You feel life coursing into your body. The ogre hits you with a giant club!
Casting: Vampiric Draining
Confirm with . or Enter, or press ? or * to list all spells.
Aiming: Vampiric Draining
Press: ? - help, Shift-Dir - straight line, f/p - ogre
Aim: an ogre, wielding a giant club (heavily wounded)
The ogre is almost dead.
You feel life coursing into your body.
Unknown command.
You hit the ogre.
Your weapon exudes an aura of protection.
The ogre is almost dead.
The ogre hits you with a giant club!
* * * LOW HITPOINT WARNING * * *
The ogre closely misses you.
Unknown command.
You hit the ogre but do no damage.
The ogre is almost dead.
The ogre hits you with a giant club!
You die...

#.##..[.#
#.......###########.
#<##....#
#......)'...........
####....#
#.......############
###### #.......#
###'##### #.# #.#
#O# #@# #.# #.# #.#
################.#
.................#
################.#
###


You could see an ogre.

Vanquished Creatures
  Sigmund (D:3)
  An ogre (D:5)
  A scorpion (D:5)
  A howler monkey (D:5)
  A hound skeleton (D:4)
  3 adders
  An adder zombie (D:5)
  5 orcs
  A bat (D:1)
  2 giant cockroaches
  A quokka (D:5)
  A ball python skeleton (D:4)
  2 frilled lizards (D:4)
  A jackal skeleton (D:4)
  A kobold (D:1)
  A leopard gecko skeleton (D:5)
  A rat (D:3)
25 creatures vanquished.

Notes
Turn   | Place    | Note
-------+----------+-------------------------------------------
     0 | D:1      | letownia2 the Deep Dwarf Necromancer began the quest for the Orb.
     0 | D:1      | Reached XP level 1. HP: 15/15 MP: 3/3
   246 | D:2      | You fall through a shaft for 2 floors!
   385 | D:4      | Noticed a phantom
   422 | D:3      | Noticed Sigmund
   474 | D:3      | Reached XP level 2. HP: 19/22 MP: 0/5
  1063 | D:4      | Reached XP level 3. HP: 20/28 MP: 1/6
  1067 | D:4      | Reached skill level 5 in Necromancy
  1143 | D:3      | Noticed baljet's ghost (amateur MfIE)
  1252 | D:3      | Killed Sigmund
  1252 | D:3      | Reached skill level 6 in Necromancy
  1252 | D:3      | Reached XP level 4. HP: 13/36 MP: 0/9
  1252 | D:3      | Reached XP level 5. HP: 15/42 MP: 0/10
  1350 | D:5      | Entered Level 5 of the Dungeon
  1421 | D:5      | Learned a level 3 spell: Vampiric Draining
  1445 | D:5      | Noticed an ogre
  1800 | D:5      | Noticed an ogre
  1829 | D:5      | Reached XP level 6. HP: 32/49 MP: 3/11
  1892 | D:5      | Reached skill level 7 in Necromancy
  1996 | D:5      | Got a scorched chain mail
  2007 | D:5      | Identified the +2 chain mail "Xiwkefem" {rCorr Dex+8} (You found it on level 5 of the Dungeon)
  2026 | D:5      | Reached skill level 1 in Armour
  2093 | D:5      | Mangled by an ogre

Skill      XL: |  1  2  3  4  5  6 |
---------------+-------------------+-----
Spellcasting   | 2 3 |  3.8
Necromancy     | 6 7 |  7.3
Armour         | 1 |  1.0
Dodging        | |  2.1
Stealth        | |  2.4

Action                   |  1- 3 |  4- 6 || total
-------------------------+-------+-------++-------
Melee: Unarmed           |     6 |       ||     6
       War axe           |    11 |       ||    11
       Flail             |       |    22 ||    22
 Cast: Pain              |    29 |    21 ||    50
       Vampiric Draining |       |    13 ||    13
  Eat: Chunk             |       |     5 ||     5
Armor: Robe              |     5 |       ||     5
       Leather armour    |     1 |     6 ||     7
       Ring mail         |       |     3 ||     3
Dodge: Dodged            |    28 |    29 ||    57
